 Dungeon Crawl Stone Soup version 0.13.0-21-ge43020b (webtiles) character file.

175 M4edhros the Sneak (level 3, -4/24 HPs)
             Began as an Octopode Artificer on Oct 26, 2013.
             Slain by an orc wizard
             ... wielding a +0,+1 orcish trident
              (6 damage)
             ... on Level 3 of the Dungeon.
             The game lasted 00:01:30 (1130 turns).

M4edhros the Sneak (Octopode Artificer)             Turns: 1130, Time: 00:01:30

HP  -4/24        AC  1     Str 10      XL: 3   Next: 60%
MP   4/4         EV 12     Int 15      God:
Gold 131         SH  0     Dex 12      Spells:  0 memorised,  2 levels left

Res.Fire  : . . .   See Invis. : .   i - +1 dwarf dagger (return)
Res.Cold  : . . .   Warding    : .   (no shield)
Life Prot.: . . .   Conserve   : .   (helmet restricted)
Res.Poison: .       Res.Corr.  : .   (no amulet)
Res.Elec. : .       Clarity    : .   (no ring)
Sust.Abil.: . .     Spirit.Shd : .   (no ring)
Res.Mut.  : .       Stasis     : .   (no ring)
Res.Rott. : .       Flight     : .   (no ring)
Saprovore : . . .                    (no ring)
                                     (no ring)
                                     (no ring)
                                     (no ring)

@: not resistant to hostile enchantments, very stealthy
A: almost no armour, amphibious, 8 rings, constrict 8, camouflage 1, AC +1
a: no special abilities


You were on level 3 of the Dungeon.
You were hungry.

You visited 1 branch of the dungeon, and saw 3 of its levels.

You collected 111 gold pieces.

Inventory:

Hand weapons
 a - a +0,+0 short sword
 i - a +1,+1 dwarven dagger of returning (weapon)
Magical devices
 b - a wand of flame (11)
 c - a wand of enslavement (14)
 d - a wand of random effects (14)
Comestibles
 f - 2 bread rations
 o - a meat ration
 q - an apple
Scrolls
 e - 2 scrolls of identify {unknown}
 h - 2 scrolls of remove curse {unknown}
 j - a scroll of recharging
 m - a scroll of enchant armour {unknown}
Potions
 g - a potion of agility {unknown}
 k - a potion of curing {unknown}
 l - 2 potions of heal wounds {unknown}
 n - 2 potions of paralysis {unknown}
 p - a potion of cure mutation {unknown}


   Skills:
 - Level 1.0 Fighting
 - Level 1.0 Short Blades
 - Level 2.0 Dodging
 + Level 4.9 Stealth
 - Level 3.2 Evocations


You had 2 spell levels left.
You didn't know any spells.

Dungeon Overview and Level Annotations

Branches:
Dungeon (3/27)

Altars:
Xom


Innate Abilities, Weirdness & Mutations

You cannot wear most types of armour.
You are amphibious.
You can wear up to eight rings at the same time.
You can use your tentacles to constrict many enemies at once.
Your skin changes colour to match your surroundings (Stlth).
Your rubbery body absorbs attacks (AC +1).


Message History

This wand has 14 charges left.
Evoke which item? (* to show all) (? for menu, Esc to quit)
Zapping:
b - a wand of flame (15)
Press: ? - help, Shift-Dir - straight line, f - you This wand has 14 charges left.
Evoke which item? (* to show all) (? for menu, Esc to quit)
Zapping:
b - a wand of flame (14)
Press: ? - help, Shift-Dir - straight line, f - you The puff of flame hits something.
This wand has 13 charges left.
It completely misses you.
Evoke which item? (* to show all) (? for menu, Esc to quit)
Zapping:
b - a wand of flame (13)
Press: ? - help, Shift-Dir - straight line, f - you This wand has 12 charges left.
It hits you.
* * * LOW HITPOINT WARNING * * *
Evoke which item? (* to show all) (? for menu, Esc to quit)
Zapping:
b - a wand of flame (12)
Press: ? - help, Shift-Dir - straight line, f - you The puff of flame hits something.
This wand has 11 charges left.
It hits you.
You die...

#............^.^.#
#.......##.#.....#
#.......##.#.#####
#.......##.#.#
#.......##.#.#######..
.......##.#..........
########............
#..........#.
#@##.#####.# #.##.# #
#.##.# #.##.# #.##.#
##########.##.#
#####..........##.#
#........####### .
#........#


There were no monsters in sight!

Vanquished Creatures
  2 orcs (D:3)
  3 giant cockroaches
  8 goblins
  8 hobgoblins
  6 kobolds
  4 bats
  A giant gecko (D:1)
  7 rats
39 creatures vanquished.

Vanquished Creatures (collateral kills)
  An orc (D:3)
1 creature vanquished.

Grand Total: 40 creatures vanquished

Notes
Turn   | Place    | Note
--------------------------------------------------------------
     0 | D:1      | M4edhros, the Octopode Artificer, began the quest for the Orb.
     0 | D:1      | Reached XP level 1. HP: 14/14 MP: 1/1
   165 | D:1      | Reached XP level 2. HP: 8/19 MP: 3/3
   560 | D:1      | Reached skill level 4 in Stealth
   568 | D:1      | Reached XP level 3. HP: 18/24 MP: 4/4
  1037 | D:3      | Found a shimmering altar of Xom.
  1130 | D:3      | Slain by an orc wizard

Action                   || total
-------------------------++-------
Melee: Short sword       ||    48
       Dagger            ||    45
Evoke: Wand              ||     6
 Stab: Sleeping          ||     6
